[Event "Team 45 45 League T52"]
[Site "Internet Chess Club"]
[Date "2012.03.16"]
[Round "5"]
[White "rookmaster23"]
[Black "Saducat996"]
[Result "0-1"]
[WhiteElo "1542"]
[BlackElo "1420"]
[Opening "Grünfeld: exchange, classical variation"]
[ECO "D86"]
[Time "10:00:56"]
[TimeControl "2700+45"]

1. d4 Nf6 2. c4 g6 3. Nc3 d5 4. cxd5 Nxd5 5. e4 Nxc3 6. bxc3 Bg7 7. Bc4 c5 8.
Ne2 Nc6 9. Be3 Qc7 10. O-O O-O 11. Qd2 Rd8 12. Rfd1 cxd4 13. cxd4 Nxd4 14. Bxf7+
Kxf7 15. Nxd4 Be5 16. f4 Bxd4 17. Bxd4 Bg4 18. Rdc1 Qd6 19. Rc4 b5 20. Rb4 a5
21. Rxb5 Qxd4+ 22. Qxd4 Rxd4 23. Re5 Rc8 24. h3 Be6 25. f5 gxf5 26. exf5 Bd7 27.
Rxa5 Rd2 28. a4 Rcc2 29. Ra7 Rxg2+ 30. Kh1 Rh2+ 31. Kg1 Bc6 {White resigns} 0-1

[Event "Team 45 45 League T52"]
[Site "Internet Chess Club"]
[Date "2012.03.16"]
[Round "5"]
[White "QuimCatala"]
[Black "nanning"]
[Result "0-1"]
[WhiteElo "1384"]
[BlackElo "1584"]
[Opening "Caro-Kann: advance variation"]
[ECO "B12"]
[Time "14:00:15"]
[TimeControl "2700+45"]

1. e4 c6 2. d4 d5 3. e5 Bf5 4. Nf3 e6 5. a3 Nd7 6. c4 Ne7 7. Nc3 dxc4 8. Bxc4
Nb6 9. Bb3 Ng6 10. Bg5 Be7 11. Qd2 Nd5 12. Ne2 Bxg5 13. Nxg5 Qb6 14. Bxd5 cxd5
15. Rc1 h6 16. Nf3 O-O 17. h4 Rac8 18. Nc3 Rc4 19. h5 Ne7 20. Ne2 Rfc8 21. Rc3
Rxc3 22. Nxc3 Rc4 23. O-O Bg4 24. Qc1 Bxh5 25. Qd2 Bxf3 26. gxf3 Qxd4 27. Qxd4
Rxd4 28. Nb5 Rd2 29. b4 Rd3 30. Kg2 Nc6 31. Rc1 Nxe5 32. Rc8+ Kh7 33. f4 Nc4 34.
a4 a6 35. Na7 Rb3 36. b5 axb5 37. axb5 Ra3 38. b6 Nxb6 39. Rc7 Rxa7 40. Rxf7 Kg6
41. Rf8 Ra8 42. f5+ exf5 43. Rxa8 Nxa8 {White resigns} 0-1

[Event "Team 45 45 League T52"]
[Site "Internet Chess Club"]
[Date "2012.03.17"]
[Round "5"]
[White "DouDou"]
[Black "DaveTheRook"]
[Result "1/2-1/2"]
[WhiteElo "1463"]
[BlackElo "1681"]
[Opening "Pirc: classical (two knights) system"]
[ECO "B06"]
[Time "19:00:54"]
[TimeControl "2700+45"]

1. e4 g6 2. d4 Bg7 3. Nf3 d6 4. Nc3 Nf6 5. Bg5 Nbd7 6. Bc4 h6 7. Bf4 O-O 8. O-O
c6 9. Qd2 Kh7 10. Rfe1 b5 11. Bb3 a5 12. a3 Nh5 13. Be3 e5 14. d5 c5 15. Nxb5
Nb8 16. a4 f5 17. Qd3 f4 18. Bd2 Na6 19. c3 Nc7 20. Nxc7 Qxc7 21. Bd1 Ba6 22. c4
Rab8 23. b3 Bc8 24. Nh4 Qe7 25. Nf3 Ra8 26. Rc1 Bd7 27. Rc3 g5 28. Nxe5 Bxe5 29.
Bxh5 Bxc3 30. Bxc3 g4 31. Bf6 Qxf6 32. e5+ Qf5 33. Qxf5+ Bxf5 34. e6 Bg6 35.
Bxg4 h5 36. e7 hxg4 37. exf8=Q Rxf8 38. f3 g3 39. hxg3 fxg3 40. Kf1 Bd3+ 41. Kg1
Kg7 42. Re6 Rf6 43. Re3 Bg6 44. Kf1 Rf8 45. Re7+ Rf7 46. Re6 Rf6 47. Re7+ {Game
drawn by mutual agreement} 1/2-1/2

[Event "Team 45 45 League T52"]
[Site "Internet Chess Club"]
[Date "2012.03.18"]
[Round "5"]
[White "hi12980"]
[Black "chrisgianno"]
[Result "0-1"]
[WhiteElo "1613"]
[BlackElo "1555"]
[Opening "Ruy Lopez: Berlin defense, open variation"]
[ECO "C67"]
[Time "12:33:42"]
[TimeControl "2700+45"]

1. e4 e5 2. Nf3 Nc6 3. Bb5 Nf6 4. O-O Nxe4 5. Qe2 Nd6 6. Nxe5 Be7 7. Bxc6 dxc6
8. Re1 Be6 9. Nc3 O-O 10. Nxf7 Bxf7 11. Qxe7 Qc8 12. Qg5 Bg6 13. d3 Rf5 14. Qg3
Qd7 15. Qh3 Qf7 16. Rf1 Re8 17. Bd2 Rh5 18. Qg4 Bf5 19. Qd1 Qg6 20. Re1 Rf8 21.
Be3 Bh3 22. g3 Bg4 23. Qd2 Bf3 24. Bf4 Rxh2 25. Kxh2 Qh5+ 26. Kg1 Qh1# {White
checkmated} 0-1

[Event "Team 45 45 League T52"]
[Site "Internet Chess Club"]
[Date "2012.03.17"]
[Round "5"]
[White "BotanicalKnight"]
[Black "almond123"]
[Result "1-0"]
[WhiteElo "1512"]
[BlackElo "1269"]
[Opening "Bishop's opening: Berlin defense"]
[ECO "C24"]
[Time "20:01:36"]
[TimeControl "2700+45"]

1. e4 e5 2. Bc4 Nf6 3. d3 Nc6 4. Nc3 Bc5 5. f4 d6 6. Nf3 Nd4 7. fxe5 Nxf3+ 8.
Qxf3 dxe5 9. Bg5 Be7 10. O-O O-O 11. h3 h6 12. Bd2 Qd6 13. Bb3 Be6 14. g4 Bxb3
15. axb3 Nh7 16. Kh1 Qf6 17. Qg2 Qh4 18. Nd5 Bd6 19. Rf5 c6 20. Ne3 Ng5 21. Kh2
g6 22. Rff1 Kg7 23. Be1 Nf3+ 24. Rxf3 Qe7 25. Bg3 b5 26. Raf1 a5 27. h4 a4 28.
bxa4 Rxa4 29. h5 g5 30. Nf5+ {Black resigns} 1-0

[Event "Team 45 45 League T52"]
[Site "Internet Chess Club"]
[Date "2012.03.18"]
[Round "5"]
[White "crazyhorses"]
[Black "jkovar"]
[Result "0-1"]
[WhiteElo "1534"]
[BlackElo "1905"]
[Opening "Sicilian: Hungarian variation"]
[ECO "B27"]
[Time "15:23:09"]
[TimeControl "2700+45"]

1. e4 c5 2. Nf3 g6 3. d3 Bg7 4. Nbd2 Nc6 5. c3 Nf6 6. g3 O-O 7. Bg2 d5 8. O-O
dxe4 9. dxe4 Ng4 10. Qc2 Nge5 11. Nxe5 Nxe5 12. Nf3 Qd3 13. Qxd3 Nxd3 14. Be3
Nxb2 15. Bxc5 Bxc3 16. Rac1 Bg7 17. Bxe7 Re8 18. Ba3 Bd7 19. e5 Na4 20. Rfe1
Rac8 21. Bd6 Rxc1 22. Rxc1 Bc6 23. Re1 Nb2 24. Nd4 Bxg2 25. Kxg2 Nc4 26. Rc1
Nxd6 27. exd6 Bxd4 28. d7 Rd8 29. Rc8 Bb6 30. Kf3 Kg7 31. Rxd8 Bxd8 32. Ke4 Kf6
33. Kd5 Ke7 {White resigns} 0-1

[Event "Team 45 45 League T52"]
[Site "Internet Chess Club"]
[Date "2012.03.16"]
[Round "5"]
[White "JMB2009"]
[Black "Whalen"]
[Result "1-0"]
[WhiteElo "1827"]
[BlackElo "1622"]
[Opening "French: Tarrasch, closed variation, main line"]
[ECO "C06"]
[Time "16:30:11"]
[TimeControl "2700+45"]

1. e4 e6 2. d4 d5 3. Nd2 Nf6 4. e5 Nfd7 5. Bd3 c5 6. c3 Nc6 7. Ne2 cxd4 8. cxd4
a5 9. f4 a4 10. O-O Nb6 11. Kh1 Nb4 12. Bb1 Bd7 13. f5 exf5 14. a3 Nc6 15. Bxf5
Na5 16. Bc2 Nac4 17. Nxc4 dxc4 18. Nf4 Bc6 19. e6 fxe6 20. Qh5+ Kd7 21. Nxe6 g6
22. Qg4 h5 23. Nxf8+ {Black resigns} 1-0

[Event "Team 45 45 League T52"]
[Site "Internet Chess Club"]
[Date "2012.03.19"]
[Round "5"]
[White "ElmerHo"]
[Black "Hal2001"]
[Result "0-1"]
[WhiteElo "1467"]
[BlackElo "1679"]
[Opening "Sicilian: accelerated fianchetto, Maróczy bind"]
[ECO "B36"]
[Time "19:00:22"]
[TimeControl "2700+45"]

1. e4 c5 2. Nf3 g6 3. d4 cxd4 4. Nxd4 Nc6 5. c4 Nf6 6. Nc3 d6 7. f3 Nxd4 8. Qxd4
Bg7 9. Be3 O-O 10. Qd2 Be6 11. Rc1 Qa5 12. Bd3 Rfc8 13. b3 a6 14. Ne2 Qxd2+ 15.
Kxd2 Nd7 16. Nf4 Nc5 17. Be2 b5 18. Nd5 Bxd5 19. cxd5 b4 20. Rc2 Bc3+ 21. Kc1 a5
22. Bd2 a4 23. Bxc3 axb3 24. axb3 bxc3 25. Kd1 Nxb3 26. Bd3 Ra1+ {White resigns}
0-1

[Event "Team 45 45 League T52"]
[Site "Internet Chess Club"]
[Date "2012.03.17"]
[Round "5"]
[White "JPB2010"]
[Black "kingphisch"]
[Result "0-1"]
[WhiteElo "1225"]
[BlackElo "1499"]
[Opening "Réti opening"]
[ECO "A04"]
[Time "11:00:17"]
[TimeControl "2700+45"]

1. Nf3 c6 2. g3 d5 3. Bg2 Nf6 4. O-O Nbd7 5. b3 e5 6. d3 Bd6 7. Bb2 O-O 8. Nbd2
Re8 9. Re1 Qc7 10. a4 b6 11. c4 d4 12. Ne4 Nxe4 13. dxe4 Nf6 14. Nh4 Be6 15. Ba3
Bxa3 16. Rxa3 Rad8 17. h3 Qd7 18. g4 Qe7 19. Ra1 Nxg4 20. Nf5 Bxf5 21. exf5 Nh6
22. Bxc6 Rf8 23. Be4 Qg5+ 24. Bg2 Nxf5 25. Kh2 Nh4 26. Rg1 Qf4+ 27. Kh1 Qxf2 28.
Qf1 Qxf1 29. Raxf1 Ng6 30. Rf5 Rfe8 31. Be4 Nf4 32. Bc6 Re7 33. Rfg5 g6 34. h4
Nh3 35. Bd5 Nxg5 36. Rxg5 Kg7 37. h5 f5 38. hxg6 hxg6 39. b4 e4 40. Kg2 d3 41.
Kf2 d2 42. Rg1 e3+ 43. Kf3 Kf6 44. Kf4 Re4+ 45. Bxe4 d1=Q 46. Rxd1 Rxd1 47. Bd3
Ra1 48. Kxe3 Rxa4 49. b5 Ke5 50. Kf3 g5 51. e3 Ra3 52. Be2 g4+ 53. Kf2 Ke4 54.
Bd1 Rxe3 55. Bc2+ Rd3 56. Ke2 Kd4 57. Bxd3 f4 58. Bf5 g3 59. Kf3 Kxc4 60. Bd7
Kc5 61. Bc6 a6 62. bxa6 Kxc6 {White resigns} 0-1

[Event "Team 45 45 League T52"]
[Site "Internet Chess Club"]
[Date "2012.03.15"]
[Round "5"]
[White "ScotchYeti"]
[Black "rayonline53"]
[Result "1-0"]
[WhiteElo "1714"]
[BlackElo "1599"]
[Opening "Petrov: modern (Steinitz) attack"]
[ECO "C43"]
[Time "16:01:56"]
[TimeControl "2700+45"]

1. e4 e5 2. Nf3 Nf6 3. d4 exd4 4. e5 Bb4+ 5. c3 dxc3 6. bxc3 Qe7 7. cxb4 Qxb4+
8. Bd2 Qe4+ 9. Be2 Nd5 10. O-O O-O 11. Re1 Nc6 12. Bb5 Qg4 13. Bxc6 dxc6 14. Nc3
Be6 15. Nxd5 Bxd5 16. h3 Bxf3 17. Qxf3 Qxf3 18. gxf3 Rad8 19. Be3 b6 20. Red1
Rd5 21. Rac1 Rxd1+ 22. Rxd1 Rc8 23. a4 Kf8 24. Rc1 c5 25. a5 Rd8 26. axb6 cxb6
27. Ra1 Rd7 28. f4 Ke7 29. Kg2 Ke6 30. Kf3 Kf5 31. Rg1 g6 32. h4 h5 33. Rg5+ Ke6
34. Rg1 Kf5 35. Rg5+ Ke6 36. Ke4 Rd1 37. f5+ gxf5+ 38. Rxf5 c4 39. Rxh5 c3 40.
Rh6+ Kd7 41. Rd6+ Rxd6 42. exd6 Kxd6 43. Kd3 Ke5 44. h5 Kf5 45. Kxc3 Kf6 46. Kc4
{Black resigns} 1-0

[Event "Team 45 45 League T52"]
[Site "Internet Chess Club"]
[Date "2012.03.17"]
[Round "5"]
[White "nursey"]
[Black "cBishop"]
[Result "1-0"]
[WhiteElo "1626"]
[BlackElo "1647"]
[Opening "QGD semi-Slav: Meran, 8...a6"]
[ECO "D48"]
[Time "13:00:48"]
[TimeControl "2700+45"]

1. d4 d5 2. Nf3 Nf6 3. c4 c6 4. Nc3 e6 5. e3 a6 6. Bd3 dxc4 7. Bxc4 b5 8. Bd3
Nbd7 9. O-O Bb7 10. a4 b4 11. Ne4 Nxe4 12. Bxe4 Nf6 13. Bd3 c5 14. Re1 Ne4 15.
Qc2 Qd5 16. dxc5 Rc8 17. Bxe4 Qxe4 18. Qxe4 Bxe4 19. Ng5 Bc2 20. Re2 Rxc5 21.
Rd2 Be7 22. Nf3 Bf6 23. Rd6 a5 24. Kf1 Ke7 25. Rd2 Rhc8 26. Nd4 b3 27. Ke2 e5
28. Nf3 Bf5 29. Rd1 Rc2+ 30. Nd2 e4 31. Rb1 Bd7 32. Ke1 Bxa4 33. Nxe4 Be5 34.
Ra1 Bb5 35. Rxa5 Rxc1 36. Rxb5 Bxb2 37. Rb7+ Ke6 38. Rxb3 R8c2 39. Rxc1 Bxc1 40.
Kd1 Rc4 41. Ng5+ Kf6 42. Nxh7+ Ke7 43. Rb7+ Ke8 44. Ng5 Ba3 45. Nxf7 Rg4 46. g3
Rg6 47. h4 Rf6 48. Ne5 Rxf2 49. Rxg7 Bb2 50. Rg8+ Ke7 51. Nd3 Rg2 52. Nxb2 Rxb2
53. e4 Kf7 54. Rd8 Ke6 55. Rd2 Rb3 56. Rg2 Ke5 57. Kc2 Ra3 58. Kb2 Re3 59. g4
Rxe4 60. h5 Kf6 61. g5+ Kg7 62. Kc3 Rh4 63. h6+ Kg6 64. Kd3 Ra4 65. Ke3 Rb4 66.
Kf3 Rb3+ 67. Ke4 Rb5 68. Kf4 Ra5 69. Rh2 Kh7 70. Re2 Ra4+ 71. Kf5 Ra7 72. g6+
Kxh6 73. Rh2+ Kg7 74. Rh7+ {Black resigns} 1-0

[Event "Team 45 45 League T52"]
[Site "Internet Chess Club"]
[Date "2012.03.20"]
[Round "5"]
[White "elessar"]
[Black "Giacometti"]
[Result "1/2-1/2"]
[WhiteElo "1594"]
[BlackElo "1623"]
[Opening "Caro-Kann: Panov-Botvinnik attack, 5...e6"]
[ECO "B14"]
[Time "18:00:18"]
[TimeControl "2700+45"]

1. e4 c6 2. d4 d5 3. exd5 cxd5 4. c4 Nf6 5. Nc3 e6 6. Nf3 Be7 7. cxd5 Nxd5 8.
Bd3 O-O 9. O-O b6 10. Nxd5 Qxd5 11. Qc2 f5 12. Bc4 Qd6 13. Re1 Nc6 14. Qb3 Nxd4
15. Nxd4 Qxd4 16. Bxe6+ Kh8 17. Bxc8 Bb4 18. Rd1 Qe4 19. Bb7 {Game drawn by
mutual agreement} 1/2-1/2

[Event "Team 45 45 League T52"]
[Site "Internet Chess Club"]
[Date "2012.03.18"]
[Round "5"]
[White "Kristian1974"]
[Black "cepheid"]
[Result "0-1"]
[WhiteElo "1640"]
[BlackElo "1613"]
[Opening "Sicilian: Hungarian variation"]
[ECO "B27"]
[Time "14:32:02"]
[TimeControl "2700+45"]

1. e4 c5 2. Nf3 g6 3. Bc4 Bg7 4. c3 e6 5. d4 cxd4 6. Nxd4 Qc7 7. Bb3 Nf6 8. Nb5
Qc6 9. Nd6+ Ke7 10. Nxc8+ Rxc8 11. f3 d6 12. Be3 Kf8 13. O-O Nbd7 14. Qd2 Nb6
15. Rd1 Rd8 16. Bg5 Rd7 17. Na3 a5 18. Bc2 d5 19. e5 Ng8 20. Qe3 Nc4 21. Nxc4
Qxc4 22. Rd4 Qc7 23. f4 b5 24. Rad1 Nh6 25. Bxh6 Bxh6 26. a4 b4 27. c4 Rad8 28.
Qd3 Qb6 29. Kh1 dxc4 30. Rxd7 cxd3 31. Rxd8+ Qxd8 32. Rxd3 Qc7 33. Rd2 Bxf4 34.
Rf2 Bxe5 35. b3 Bxh2 {White resigns} 0-1

[Event "Team 45 45 League T52"]
[Site "Internet Chess Club"]
[Date "2012.03.24"]
[Round "5"]
[White "Pason"]
[Black "bogolijubov"]
[Result "1/2-1/2"]
[WhiteElo "2058"]
[BlackElo "1869"]
[Opening "Grünfeld: Three knights variation"]
[ECO "D90"]
[Time "14:18:08"]
[TimeControl "2700+45"]

1. d4 Nf6 2. Nf3 g6 3. c4 Bg7 4. Nc3 d5 5. cxd5 Nxd5 6. Na4 O-O 7. e4 Nb6 8. h3
Nc6 9. Be3 f5 10. e5 Qd5 {Game drawn by mutual agreement} 1/2-1/2

[Event "Team 45 45 League T52"]
[Site "Internet Chess Club"]
[Date "2012.03.21"]
[Round "5"]
[White "barbak"]
[Black "koni"]
[Result "1/2-1/2"]
[WhiteElo "1938"]
[BlackElo "1912"]
[Opening "French: Fort Knox variation"]
[ECO "C03"]
[Time "14:00:17"]
[TimeControl "2700+45"]

1. e4 e6 2. d4 d5 3. Nd2 dxe4 4. Nxe4 Bd7 5. Nf3 Bc6 6. Bd3 Nd7 7. O-O Ngf6 8.
Ng3 Bxf3 9. Qxf3 c6 10. Re1 Be7 11. c3 O-O 12. Bf4 Re8 13. Rad1 Qb6 14. Bc1 Rad8
15. Bc2 Nf8 16. Nh5 Nxh5 17. Qxh5 Rd5 18. Qf3 Red8 19. Re4 Ng6 20. Rde1 c5 21.
dxc5 Bxc5 22. R1e2 Rf5 23. Qg3 Bd6 24. Qh3 Bc5 25. Qg3 Bd6 26. Qe3 Bc5 27. Qg3
{Game drawn by repetition} 1/2-1/2

[Event "Team 45 45 League T52"]
[Site "Internet Chess Club"]
[Date "2012.03.17"]
[Round "5"]
[White "expectnomercy"]
[Black "tsia68"]
[Result "1/2-1/2"]
[WhiteElo "1780"]
[BlackElo "1735"]
[Opening "English, 1...Nf6 (Anglo-Indian defense)"]
[ECO "A15"]
[Time "13:00:36"]
[TimeControl "2700+45"]

1. c4 Nf6 2. g3 g6 3. Bg2 Bg7 4. Nc3 O-O 5. d4 d6 6. e4 Nbd7 7. Nge2 e5 8. O-O
exd4 9. Nxd4 a5 10. Bg5 h6 11. Be3 Nc5 12. h3 Re8 13. f3 c6 14. Qd2 Kh7 15. Rad1
Qc7 16. Nde2 Bf8 17. Qd4 Nfd7 18. f4 Ne6 19. Qd2 Nec5 20. f5 Ne5 21. fxg6+ fxg6
22. b3 Be6 23. Rxf8 Rxf8 24. Qxd6 Qxd6 25. Rxd6 Ned3 26. Nf4 Rad8 27. Nxe6 Rxd6
28. Nxc5 Nxc5 29. Bxc5 Rfd8 30. Bxd6 Rxd6 31. Kf2 Rd2+ 32. Kf1 Kg7 33. g4 Kf6
34. Na4 Ke5 35. a3 Kf4 36. Nc5 b6 37. Ne6+ Kg3 38. Bh1 Rh2 39. Kg1 Rd2 40. Kf1
Rh2 41. Kg1 Rd2 42. Kf1 Rh2 {Game drawn by repetition} 1/2-1/2

[Event "Team 45 45 League T52"]
[Site "Internet Chess Club"]
[Date "2012.03.16"]
[Round "5"]
[White "CapitanTrueno"]
[Black "pkktet"]
[Result "1/2-1/2"]
[WhiteElo "1804"]
[BlackElo "1839"]
[Opening "Caro-Kann: Bronstein-Larsen variation"]
[ECO "B16"]
[Time "10:08:07"]
[TimeControl "2700+45"]

1. e4 c6 2. d4 d5 3. Nc3 dxe4 4. Nxe4 Nf6 5. Nxf6+ gxf6 6. c3 Bf5 7. Nf3 e6 8.
g3 Qd5 9. Bg2 Qe4+ 10. Be3 Qc2 {Game drawn by mutual agreement} 1/2-1/2

[Event "Team 45 45 League T52"]
[Site "Internet Chess Club"]
[Date "2012.03.18"]
[Round "5"]
[White "steadman"]
[Black "Greedy-Reedy"]
[Result "1-0"]
[WhiteElo "2189"]
[BlackElo "2005"]
[Opening "Benkö gambit half accepted"]
[ECO "A57"]
[Time "14:03:23"]
[TimeControl "2700+45"]

1. d4 Nf6 2. c4 c5 3. d5 b5 4. cxb5 a6 5. e3 axb5 6. Bxb5 Qa5+ 7. Nc3 Bb7 8. Bd2
Qb6 9. Nf3 Nxd5 10. Nxd5 Bxd5 11. a4 e6 12. Bc3 Be7 13. O-O Qb7 14. Ne1 O-O 15.
Qg4 f6 16. Nd3 Na6 17. Nf4 Nc7 18. Bd3 Rf7 19. Bxh7+ Kf8 20. Bg6 e5 21. Qh5 Ke8
22. Nxd5 Qxd5 23. Rfd1 Qe6 24. Bf5 {Black resigns} 1-0

[Event "Team 45 45 League T52"]
[Site "Internet Chess Club"]
[Date "2012.03.15"]
[Round "5"]
[White "Heraclito"]
[Black "primerpaso"]
[Result "1-0"]
[WhiteElo "2140"]
[BlackElo "1887"]
[Opening "English: Mikenas-Carls variation"]
[ECO "A18"]
[Time "17:16:08"]
[TimeControl "2700+45"]

1. c4 Nf6 2. Nc3 e6 3. e4 d6 4. d4 b6 5. g3 Bb7 6. Bg2 Nbd7 7. Nge2 c5 8. d5
exd5 9. cxd5 Be7 10. O-O O-O 11. f4 Ne8 12. g4 g5 13. Ng3 gxf4 14. Bxf4 Bg5 15.
Qd2 f6 16. Bxg5 fxg5 17. Rxf8+ Nxf8 18. Rf1 Bc8 19. e5 dxe5 20. d6 Rb8 21. Bd5+
Ne6 22. Nce4 Kh8 23. Bxe6 Bxe6 24. Nxg5 Qd7 25. Nxe6 Qxe6 26. Rf8+ Kg7 27. Qf2
Rd8 28. Nh5+ Kg6 29. Qc2+ Kg5 30. Rf5+ Kxg4 31. Qe4+ Kh3 32. Qf3+ Kh4 33. Qg3#
{Black checkmated} 1-0

[Event "Team 45 45 League T52"]
[Site "Internet Chess Club"]
[Date "2012.03.18"]
[Round "5"]
[White "RdgMx"]
[Black "The7thGuest"]
[Result "1/2-1/2"]
[WhiteElo "1865"]
[BlackElo "2046"]
[Opening "Sicilian: Kan, Maróczy bind (Réti variation)"]
[ECO "B41"]
[Time "10:01:05"]
[TimeControl "2700+45"]

1. e4 c5 2. Nf3 e6 3. d4 cxd4 4. Nxd4 a6 5. c4 Nc6 6. Nc3 Bb4 7. Nb3 Nf6 8. f3
d5 9. cxd5 exd5 10. exd5 Nxd5 11. Bd2 O-O 12. Nxd5 Qxd5 13. Bxb4 Re8+ 14. Be2
Nxb4 15. Qxd5 Nxd5 16. Kf2 {Game drawn by mutual agreement} 1/2-1/2

[Event "Team 45 45 League T52"]
[Site "Internet Chess Club"]
[Date "2012.03.20"]
[Round "5"]
[White "BuddyT"]
[Black "CaoCao"]
[Result "0-1"]
[WhiteElo "1759"]
[BlackElo "1882"]
[Opening "Old Benoni defense"]
[ECO "A46"]
[Time "15:01:06"]
[TimeControl "2700+45"]

1. d4 Nf6 2. Nf3 c5 3. d5 e6 4. Nc3 d6 5. e4 e5 6. Be2 a6 7. a4 Be7 8. O-O O-O
9. h3 Nbd7 10. Nd2 b6 11. Nc4 Rb8 12. Ne3 g6 13. Bd3 Nh5 14. Qe2 Nf4 15. Qf3
Nxd3 16. cxd3 b5 17. axb5 axb5 18. Bd2 Nf6 19. Ra7 Bd7 20. Rfa1 Nh5 21. Ne2 f5
22. exf5 Bxf5 23. Nxf5 Rxf5 24. Qe3 Bg5 25. f4 Nxf4 26. Nxf4 Bxf4 27. Qe2 c4 28.
Bxf4 Rxf4 29. Qe3 Qg5 30. Kh2 Qf6 31. dxc4 bxc4 32. Ra8 Qd8 33. Rxb8 Qxb8 34.
Ra7 Qxb2 35. Ra8+ Kg7 36. Ra7+ Rf7 37. Rxf7+ Kxf7 38. Qh6 e4 39. Qxh7+ Qg7 40.
Qh4 c3 41. Qf2+ Kg8 42. Qb6 Qe5+ 43. Kh1 e3 44. Qd8+ Kg7 45. Qd7+ Kh6 46. Qf7 e2
47. Qf8+ Kg5 48. Qd8+ Kf4 49. Qf8+ Ke3 50. Qf3+ Kd2 {White resigns} 0-1

[Event "Team 45 45 League T52"]
[Site "Internet Chess Club"]
[Date "2012.03.19"]
[Round "5"]
[White "ferrari9182"]
[Black "CaoCao"]
[Result "1/2-1/2"]
[WhiteElo "1916"]
[BlackElo "1871"]
[Opening "Four knights: Scotch, 4...exd4"]
[ECO "C47"]
[Time "21:45:16"]
[TimeControl "2700+45"]

1. e4 e5 2. Nf3 Nc6 3. Nc3 Nf6 4. d4 exd4 5. Nxd4 Bb4 6. Nxc6 bxc6 7. Bd3 O-O 8.
O-O d5 9. exd5 cxd5 10. Bg5 c6 11. Qf3 Bd6 12. Ne2 h6 13. Bh4 g5 14. Bg3 Bg4 15.
Qe3 Re8 16. Qd2 Bxe2 17. Bxe2 Ne4 18. Qd1 Bxg3 19. hxg3 Qb6 20. Bd3 Qxb2 21. Rb1
Qd4 22. Rb7 Rab8 23. Rd7 Rbd8 24. Rc7 Rc8 25. c3 Qb6 26. Rxc8 Rxc8 27. Bxe4 dxe4
28. Re1 Re8 29. Qd7 Re6 {Game drawn by mutual agreement} 1/2-1/2

[Event "Team 45 45 League T52"]
[Site "Internet Chess Club"]
[Date "2012.03.19"]
[Round "5"]
[White "loudoun"]
[Black "bobhill"]
[Result "1-0"]
[WhiteElo "1758"]
[BlackElo "1878"]
[Opening "Sicilian: Grand Prix attack"]
[ECO "B23"]
[Time "20:49:24"]
[TimeControl "2700+45"]

1. e4 c5 2. Nc3 Nc6 3. f4 g6 4. Nf3 Bg7 5. Bb5 a6 6. Bxc6 bxc6 7. d3 d6 8. O-O
Nf6 9. Qe1 O-O 10. Qh4 Qb6 11. Rb1 Ng4 12. Na4 Qa7 13. c4 Rb8 14. h3 Nf6 15. f5
Qc7 16. Bh6 Qa5 17. b3 Qd8 18. Ng5 e6 19. Bxg7 Kxg7 20. fxe6 h5 21. Nxf7 Qe7 22.
e5 dxe5 23. Nxe5 Qxe6 24. Rbe1 Qd6 25. Qf2 Nd7 26. Nf7 Qd4 27. Qxd4+ cxd4 28.
Re7 Kg8 29. Kh2 c5 30. Kg3 Rb7 31. Nh6+ Kh8 32. Rff7 Rxf7 33. Nxf7+ Kg8 34. Nd6
Kf8 35. Re8+ Kg7 36. Nxb7 {Black resigns} 1-0

[Event "Team 45 45 League T52"]
[Site "Internet Chess Club"]
[Date "2012.03.17"]
[Round "5"]
[White "ChessAuthor"]
[Black "hewdondada"]
[Result "1/2-1/2"]
[WhiteElo "1669"]
[BlackElo "1725"]
[Opening "QGD Slav: Czech defense"]
[ECO "D17"]
[Time "17:07:22"]
[TimeControl "2700+45"]

1. Nf3 Nf6 2. c4 c6 3. d4 d5 4. Nc3 dxc4 5. a4 Bf5 6. Bf4 e6 7. e3 Qb6 8. Qc1
Bb4 9. Bxc4 O-O 10. O-O Nbd7 11. h3 Nd5 12. Bg3 N7f6 13. Nh4 Rfe8 14. Nxf5 exf5
15. Qc2 Ne4 16. Bh2 Ndxc3 17. bxc3 Bd6 18. Bxd6 Nxd6 19. Rab1 Qc7 20. Bd3 g6 21.
Rfe1 Ne4 22. Qb2 b6 23. Bxe4 fxe4 24. c4 Rab8 25. Rec1 Qd6 26. Qc2 f5 {Game
drawn by mutual agreement} 1/2-1/2

[Event "Team 45 45 League T52"]
[Site "Internet Chess Club"]
[Date "2012.03.17"]
[Round "5"]
[White "RamRock"]
[Black "qs16"]
[Result "1-0"]
[WhiteElo "1769"]
[BlackElo "1761"]
[Opening "Sicilian defense"]
[ECO "B20"]
[Time "14:00:36"]
[TimeControl "2700+45"]

1. e4 c5 2. d3 d5 3. exd5 Qxd5 4. Nc3 Qd8 5. Nf3 Nc6 6. Bf4 a6 7. Be2 Nf6 8. Ne4
b6 9. O-O Nh5 10. Be3 Nf6 11. Nxf6+ exf6 12. d4 cxd4 13. Nxd4 Nxd4 14. Qxd4 Qxd4
15. Bxd4 Bc5 16. Bxc5 bxc5 17. Rfe1 Be6 18. Rad1 O-O 19. Rd6 a5 20. Bf3 Ra7 21.
Rc6 c4 22. Rd1 a4 23. Bd5 Bxd5 24. Rxd5 Rb7 25. Rxc4 Rxb2 26. g3 Rxa2 27. Ra5 a3
28. Rc3 Ra1+ 29. Kg2 a2 30. Rca3 Rc8 31. Rxa2 Rxa2 32. Rxa2 g5 33. Kf3 Kg7 34.
Ke4 Kg6 35. Kd4 Rd8+ 36. Ke3 Rc8 37. Kd3 Rd8+ 38. Ke3 Rc8 39. Kd2 Rd8+ 40. Kc1
g4 41. c4 Re8 42. c5 Rc8 43. Rc2 Rc6 44. Kd2 f5 45. Kd3 Kf6 46. Kc4 Rc8 47. Re2
h5 48. Kb5 Rb8+ 49. Ka6 Rb1 50. c6 Ra1+ 51. Kb7 Rb1+ 52. Kc8 Rc1 53. c7 Rc3 54.
Re8 Rc2 55. Kb7 Rb2+ 56. Ka6 Ra2+ 57. Kb5 Rb2+ 58. Ka4 {Black resigns} 1-0

[Event "Team 45 45 League T52"]
[Site "Internet Chess Club"]
[Date "2012.03.18"]
[Round "5"]
[White "TerryMalloy"]
[Black "SaltofLife"]
[Result "1-0"]
[WhiteElo "2054"]
[BlackElo "1909"]
[Opening "French: Tarrasch"]
[ECO "C03"]
[Time "16:00:50"]
[TimeControl "2700+45"]

1. e4 e6 2. d4 d5 3. Nd2 Be7 4. Ngf3 Nf6 5. e5 Nfd7 6. Bd3 c5 7. c3 Nc6 8. O-O
a5 9. a4 Qb6 10. dxc5 Qc7 11. Re1 Ndxe5 12. Nxe5 Nxe5 13. Bb5+ Bd7 14. Qe2 Ng6
15. b4 O-O 16. Bb2 Rfd8 17. Nb3 Bf6 18. Nxa5 Rxa5 19. bxa5 Qxc5 20. Qe3 d4 21.
cxd4 Qd5 22. Rab1 Bxb5 23. axb5 Qxb5 24. Bc3 Qd7 25. Qe4 Qc8 26. Rec1 Rd5 27.
Qc2 Bd8 28. Qb3 Nf4 29. Qxb7 Qxb7 30. Rxb7 Ne2+ 31. Kf1 Nxc1 32. a6 Na2 33. a7
Nxc3 34. a8=Q Rxd4 35. g3 Kf8 36. Qa3+ {Black resigns} 1-0

[Event "Team 45 45 League T52"]
[Site "Internet Chess Club"]
[Date "2012.03.21"]
[Round "5"]
[White "ddlj81"]
[Black "JeremyWa"]
[Result "0-1"]
[WhiteElo "1799"]
[BlackElo "1741"]
[Opening "Scandinavian (center counter) defense"]
[ECO "B01"]
[Time "23:32:38"]
[TimeControl "2700+45"]

1. e4 d5 2. exd5 Qxd5 3. Nc3 Qa5 4. d4 c6 5. Nf3 Nf6 6. Bd3 Bf5 7. Bxf5 Qxf5 8.
O-O e6 9. Re1 Bd6 10. Qe2 O-O 11. Ne4 Nxe4 12. Qxe4 Qxe4 13. Rxe4 Nd7 14. c4 Nf6
15. Re1 h6 16. b3 Rfd8 17. Bb2 Bb4 18. Red1 Ne4 19. a3 Ba5 20. Rac1 Rac8 21. Ne5
Bc7 22. f3 Nd6 23. Rd3 Nf5 24. Rcd1 h5 25. g4 hxg4 26. fxg4 Ne7 27. Kg2 f6 28.
Nf3 Ng6 29. Bc1 Nf4+ 30. Bxf4 Bxf4 31. h4 Kf7 32. h5 Rc7 33. Nh4 Rcd7 34. Kf3
Bg5 35. Ng6 b5 36. Ke4 bxc4 37. bxc4 Rb8 38. d5 exd5+ 39. cxd5 Re8+ 40. Kf5 Rde7
41. Nxe7 Rxe7 {White resigns} 0-1